[Event "*** Titled Tuesday Blitz"]
[Site "Chess.com"]
[Date "2020.10.20"]
[Round "10"]
[White "Msb2"]
[Black "Harsha_Bharathakoti"]
[Result "1-0"]
[WhiteElo "2937"]
[BlackElo "2791"]
[TimeControl "180+1"]
[EndTime "11:58:15 PDT"]
[Termination "Msb2 won by resignation"]

1. d4 Nf6 2. c4 g6 3. Nc3 d5 4.
Nf3 Bg7 5. h3 c6 6. cxd5 cxd5 7.
Bf4 O-O 8. e3 Nc6 9. Bd3 a6 10.
O-O b5 11. Rc1 Bb7 12. Ne5 Rc8 13. Nxc6 Bxc6 14. Be5 Qb6 15. Ne2 Bb7 16. Qd2 b4 17. Rxc8 Rxc8 18. Rc1 Rxc1+ 19. Nxc1 Nd7 20. Bxg7 Kxg7 21.
Qc2 a5 22. Be2 Bc6 23. Nb3 a4 24. Nc5 Nxc5 25. dxc5 Qb8 26. f4 e5 27. fxe5 Qxe5 28. Qd2 a3 29. bxa3 bxa3 30. Qd4 Kf6 31. Bd1 Ke6 32. Bb3 h5 33. Bc2 Qxd4 34. exd4 Bb5 35. h4 Bc4 36. Bb1 f6 37. Kf2 g5 38. g3 Kd7 39. Ke3 Kc6 40. Kd2 Kb5 41. Kc3 gxh4 42. gxh4 f5 43. Bxf5 Bxa2 44. Bg6 Bc4 45. Bxh5 a2 46.
Be8+ Ka6 47. Kb2 Kb7 48. h5 Bd3 49. Bg6 1-0

[Event "*** Titled Tuesday Blitz"]
[Site "Chess.com"]
[Date "2020.10.20"]
[Round "10"]
[White "BigAl"]
[Black "PavelShkapenko"]
[Result "0-1"]
[WhiteElo "2487"]
[BlackElo "2713"]
[TimeControl "180+1"]
[EndTime "11:58:16 PDT"]
[Termination "PavelShkapenko won by resignation"]

1. Nf3 Nf6 2. g3 d5 3. Bg2 c6 4. O-O Bg4 5. d3 Nbd7 6. c4 e6 7. Be3 Bc5 8. Bxc5 Nxc5 9. b4 Ncd7 10. b5 cxb5 11. cxd5 exd5 12. Qb3 a6 13. Nc3 Be6 14. Nd4 Qb6 15. e3 O-O 16. Rab1 Rac8 17. Rfc1 Nc5 18. Qd1 Qd6 19. h3 b4 20. Nce2 a5 21. Nf4 Bd7 22. Qd2 Na4 23. g4 h6 24. Ra1 Rxc1+ 25. Rxc1 Rc8 26. Rxc8+ Bxc8 27. Qc2 Bd7 28. Nf5 Qc5 29. Qxc5 Nxc5 30. Ne7+ Kf8 31. Nexd5 Nxd5 32. Bxd5 Bc6 33. d4 Na4 34. Bb3 Nc3 35. d5 Bd7 36. Nd3 a4 37. Bc2 Nxa2 38. Bb1 b3 39.
Nc5 Bb5 40. d6 Nc3 41. Bf5 b2 42. d7 Ke7 43. Bc2 Bxd7 44. Nxb7 a3 45. Nc5 a2 46.
Nxd7 0-1

[Event "*** Titled Tuesday Blitz"]
[Site "Chess.com"]
[Date "2020.10.20"]
[Round "10"]
[White "Margency"]
[Black "KetiGrant"]
[Result "0-1"]
[WhiteElo "2675"]
[BlackElo "2369"]
[TimeControl "180+1"]
[EndTime "11:58:16 PDT"]
[Termination "KetiGrant won by checkmate"]

1. e4 c5 2. Nf3 Nc6 3. d4 cxd4 4. Nxd4 e5 5. Nb5 d6 6. c4 Be7 7. N1c3 a6 8. Na3 Nf6 9. Nc2 Be6 10. Be2 Rc8 11. O-O Na5 12. Na3 Nxc4 13. Nxc4 Bxc4 14.
Bg5 O-O 15. Bxf6 Bxf6 16. Bxc4 Rxc4 17. Qb3 b5 18. a4 Qb8 19. Rfd1 Bd8 20. axb5 axb5 21.
Rd5 Rd4 22. Rxb5 Qc8 23. Rb8 Qg4 24. h3 Qg5 25. Nd5 Rd2 26. Qf3 f5 27. Raa8 fxe4 28. Qxe4 Rdxf2 29. h4 Qg3 30. Ne7+ Kh8 31. Ra1 Bxe7 32.
Rxf8+ Bxf8 33. b4 Rf4 34. Qd5 Qf2+ 35. Kh2 Rxh4# 0-1

[Event "*** Titled Tuesday Blitz"]
[Site "Chess.com"]
[Date "2020.10.20"]
[Round "10"]
[White "GAusal"]
[Black "MarceloPlaya"]
[Result "1/2-1/2"]
[WhiteElo "2055"]
[BlackElo "2291"]
[TimeControl "180+1"]
[EndTime "11:58:17 PDT"]
[Termination "Game drawn - insufficient material"]

1. d4 e6 2. Nf3 Nf6 3. c4 Bb4+ 4. Bd2 Bxd2+ 5. Nbxd2 O-O 6. e3 d6 7. Bd3 Qe7 8. O-O e5 9. dxe5 dxe5 10. Be2 Nc6 11. a3 Bf5 12. Nh4 Bg6 13. Nxg6 hxg6 14. b4 Rad8 15. Qc2 Rd7 16. Rfd1 Rfd8 17. Nf3 Rxd1+ 18.
Rxd1 Rxd1+ 19. Qxd1 Qd6 20. c5 Qxd1+ 21. Bxd1 Nd7 22. Ba4 f6 23. Bxc6 bxc6 24. Kf1 Kf7 25. Ke2 Ke6 26. Kd3 f5 27. Kc4 Nf6 28. Ng5+ Ke7 29.
Kb3 Ng4 30. Ka4 Nxf2 31. Ka5 Nd1 32. e4 Nc3 33. Ka6 fxe4 34. Kxa7 e3 35. Nf3 e4 36. Ne1 Nb5+ 37. Kb7 Nxa3 38. Kxc7 Nc4 39. Kxc6 Ne5+ 40. Kd5 Nd3 41. Nc2 e2 42. Kxe4 e1=Q+ 43. Nxe1 Nxe1 44.
b5 Nxg2 45. Kd5 Kd7 46. b6 Nf4+ 47. Ke5 Nd3+ 48. Kd5 Nb4+ 49. Ke5 Nc6+ 50. Kd5 Ne7+ 51. Ke5 Kc6 52. Ke6 Nd5 53. Kf7 g5 54. Kxg7 g4 55.
Kg6 Ne3 56. Kg5 Nf1 57. Kxg4 Nxh2+ 58. Kg3 Nf1+ 59. Kf4 Nd2 60. Kf5 Nb3 61. Ke6 Nxc5+ 62. Ke7 Kxb6 1/2-1/2

[Event "*** Titled Tuesday Blitz"]
[Site "Chess.com"]
[Date "2020.10.20"]
[Round "10"]
[White "RamyresCoelho"]
[Black "Morshynska"]
[Result "1/2-1/2"]
[WhiteElo "2055"]
[BlackElo "2210"]
[TimeControl "180+1"]
[EndTime "11:58:17 PDT"]
[Termination "Game drawn - insufficient material"]

1. e4 e5 2. Nf3 Nc6 3. d4 exd4 4. Bc4 Nf6 5. e5 d5 6. Bb5 Ne4 7. Nxd4 Bd7 8. Bxc6 bxc6 9. O-O Bc5 10. f3 Ng5 11. f4 Ne4 12. Nc3 Nxc3 13. bxc3 O-O 14. Be3 Qe7 15. Qd2 f6 16. Nf3 Bb6 17. Bxb6 axb6 18. a4 Ra5 19. Kh1 Rfa8 20. Qd4 Be6 21. Nd2 c5 22. Qe3 Rxa4 23. Rxa4 Rxa4 24. Re1 f5 25.
Nf3 h6 26. h3 Ra2 27. Re2 Qd7 28. Kh2 Qa4 29. Qd2 Qc4 30. g3 Kh7 31. Ne1 Ra3 32. Re3 d4 33. cxd4 Rxe3 34. Qxe3 Qxd4 35. Qxd4 cxd4 36.
Kg1 c5 37. Kf2 Kg8 38. Ke2 Kf7 39. Kd3 Ke7 40. c3 dxc3 41. Kxc3 Kd7 42. Nc2 Kc6 43.
Ne3 b5 44. g4 b4+ 45. Kd3 g6 46. g5 hxg5 47. fxg5 Kb5 48. h4 c4+ 49. Kc2 c3 50.
Ng2 Kc5 51. Nf4 Bf7 52. e6 Be8 53. h5 gxh5 54. g6 Bxg6 55. Nxg6 Kd6 56. e7 Kd7 57. Kb3 h4 58. Nxh4 Kxe7 59. Nxf5+ Kf6 60. Nd4 Ke5 61. Nc2 Kd5 62. Nxb4+ Kc5 63. Kxc3 1/2-1/2

[Event "*** Titled Tuesday Blitz"]
[Site "Chess.com"]
[Date "2020.10.20"]
[Round "10"]
[White "Chessmatus"]
[Black "C_K_G"]
[Result "1-0"]
[WhiteElo "2398"]
[BlackElo "2157"]
[TimeControl "180+1"]
[EndTime "11:58:18 PDT"]
[Termination "Chessmatus won on time"]

1. e4 c5 2. Nf3 d6 3. d4 cxd4 4. Nxd4 Nf6 5. Nc3 a6 6. Be3 e5 7. Nb3 Be7 8. f3 Be6 9. Qd2 O-O 10. O-O-O b5 11. g4 Qc7 12. g5 Nh5 13. Kb1 Nd7 14. f4 Nb6 15. f5 Bc4 16. Na5 Bxf1 17. Rhxf1 b4 18. Bxb6 Qxb6 19. Nd5 Qxa5 20. Nxe7+ Kh8 21. Nd5 Rac8 22. Qe2 g6 23. Rd3 Qb5 24. Qg2 a5 25. Nf6 Nxf6 26. gxf6 Qc4 27. Rh3 Kg8 28. Re1 a4 29.
Rxh7 Kxh7 30. Qh3+ Kg8 31. Rc1 b3 32. Qh6 bxc2+ 33.
Ka1 1-0

[Event "*** Titled Tuesday Blitz"]
[Site "Chess.com"]
[Date "2020.10.20"]
[Round "10"]
[White "AsaHoffmann"]
[Black "Grineva_Marianna"]
[Result "1-0"]
[WhiteElo "2385"]
[BlackElo "2261"]
[TimeControl "180+1"]
[EndTime "11:58:19 PDT"]
[Termination "AsaHoffmann won on time"]

1. d4 f5 2. Nc3 Nf6 3. Bg5 d5 4. f3 e6 5. e4 Be7 6. exf5 exf5 7. Bd3 O-O 8. Nge2 h6 9. Bh4 c6 10. Qd2 Qb6 11. O-O-O Na6 12. a3 Ne4 13. fxe4 Bxh4 14. exd5 Bg5 15. Nf4 Qxd4 16. g3 Nc5 17. dxc6 Nxd3+ 18.
Qxd3 Bxf4+ 19. gxf4 Qxf4+ 20. Kb1 bxc6 21. Rhg1 Be6 22. Qd6 Qxd6 23. Rxd6 Rf6 24. b3 Rc8 25. h4 Kf7 26. h5 Rc7 27. Na4 Bd5 28. Rd8 f4 29. Nc5 f3 30. c4 f2 31. Rf1 Bg2 32. Rdd1 Bxf1 33. Rxf1 Re7 34. Nd3 Re2 35. Kc1 Rf3 36. Kd1 Ree3 37. Nxf2 Ke6 38. Kd2 Kf5 39. Rg1 Rxf2+ 40. Kxe3 Rb2 41. Rxg7 Rxb3+ 42. Kd4 Rh3 43. Rxa7 Rh4+ 44. Kc5 Rxh5 45. Kxc6 Rh2 46. c5 h5 47. Rh7 h4 48. Kc7 Rh3 49. a4 Rh1 50. c6 h3 51. a5 Ke6 52. a6 1-0

[Event "*** Titled Tuesday Blitz"]
[Site "Chess.com"]
[Date "2020.10.20"]
[Round "10"]
[White "dennisodessa"]
[Black "Borsuk_Konstantin"]
[Result "0-1"]
[WhiteElo "2440"]
[BlackElo "2576"]
[TimeControl "180+1"]
[EndTime "11:58:20 PDT"]
[Termination "Borsuk_Konstantin won by resignation"]

1. c4 b6 2. d4 Bb7 3. Nc3 e6 4.
e4 Bb4 5. e5 Ne7 6. Nf3 Bxc3+ 7. bxc3 d6 8. Ba3 Ng6 9. Be2 dxe5 10.
dxe5 Qxd1+ 11. Rxd1 Nd7 12. c5 Ndxe5 13. Nxe5 Nxe5 14.
O-O Bd5 15. f4 Nd7 16. Bb5 c6 17. c4 cxb5 18. cxd5 Nxc5 19. dxe6 fxe6 20. f5 O-O 21. Bxc5 bxc5 22. fxe6 Rxf1+ 23. Rxf1 Re8 24. Rf5 Rxe6 25. Rxc5 a6 26. Rc8+ Kf7 27. Ra8 Rc6 28. h3 h6 29.
Kh2 Ke6 30. Kg3 Kd5 31. Kf4 Kc4 32. Rg8 g5+ 33. Kf5 b4 34. g3 a5 35. Re8 Kc3 36. Re3+ Kb2 37. Re2+ Ka3 38. h4 gxh4 39. gxh4 a4 40.
h5 b3 41. axb3 axb3 42. Re3 Rb6 43. Rf3 Ka2 44. Rf2+ b2 45. Rg2 Ka1 46. Rg1+ b1=Q+ 47. Rxb1+ Kxb1 0-1

[Event "*** Titled Tuesday Blitz"]
[Site "Chess.com"]
[Date "2020.10.20"]
[Round "10"]
[White "CM_rui"]
[Black "tan275"]
[Result "1-0"]
[WhiteElo "2348"]
[BlackElo "2173"]
[TimeControl "180+1"]
[EndTime "11:58:20 PDT"]
[Termination "CM_rui won on time"]

1. e4 c6 2. d4 d5 3. Nc3 dxe4 4. Nxe4 Bf5 5. Nc5 e5 6. Nxb7 Qb6 7. Nc5 exd4 8. Nb3 Bb4+ 9. Bd2 c5 10. Bxb4 Qxb4+ 11. Qd2 Qxd2+ 12. Kxd2 Nd7 13. Nf3 Ngf6 14. Bd3 Be6 15. Na5 O-O 16. h3 h6 17. g4 Nd5 18.
Bc4 N7b6 19. Bb3 Rac8 20. Nc4 Rfd8 21. a4 Rb8 22. Nce5 Rdc8 23. a5 Na8 24. Nc4 Nac7 25.
Rhe1 Na6 26. Re5 Nab4 27. Rae1 Nf4 28. Nh4 Nbd5 29. Nf5 Rd8 30. Ncd6 Nc7 31. Bxe6 Ncxe6 32. Ne7+ Kf8 33. Nc6 Rxd6 34. Nxb8 Ke7 35. b4 cxb4 36. Rb1 Kd8 37. Rxb4 Nd5 38. Rb5 Nec7 39. Rc5 Kc8 40.
Nc6 Kb7 41. Ne7 Nb4 42. Rb5+ 1-0

[Event "*** Titled Tuesday Blitz"]
[Site "Chess.com"]
[Date "2020.10.20"]
[Round "10"]
[White "vugarrasulov"]
[Black "W_Amadeus"]
[Result "1-0"]
[WhiteElo "2877"]
[BlackElo "2749"]
[TimeControl "180+1"]
[EndTime "11:58:21 PDT"]
[Termination "vugarrasulov won on time"]

1. d4 Nf6 2. c4 e6 3. Nf3 d5 4. g3 dxc4 5. Bg2 a6 6. O-O Nc6 7. e3 Rb8 8. Nfd2 e5 9. Bxc6+ bxc6 10. dxe5 Ng4 11. Nxc4 Be6 12. Qe2 h5 13. f3 h4 14.
fxg4 hxg3 15. hxg3 Qd5 16. Qf3 Qxf3 17. Rxf3 Bxc4 18.
Nc3 Bb4 19. Rf4 Bxc3 20. Rxc4 Bxe5 21. Kg2 Rh6 22. Rb1 Rd6 23. b3 Kd7 24. Rc2 a5 25. Bd2 a4 26. b4 a3 27. Rb3 Bb2 28. Kf3 Rb5 29. e4 g6 30. Bf4 Rd1 31. g5 Rb6 32. Ke2 Ra1 33. Rd3+ Ke8 34. Bxc7 Rxb4 35. Rxc6 Rxe4+ 36. Kf3 Re6 37. Rc2 Kf8 38. Ba5 1-0

[Event "*** Titled Tuesday Blitz"]
[Site "Chess.com"]
[Date "2020.10.20"]
[Round "10"]
[White "Anna_ChessMate"]
[Black "scandalgod"]
[Result "0-1"]
[WhiteElo "2530"]
[BlackElo "2417"]
[TimeControl "180+1"]
[EndTime "11:58:21 PDT"]
[Termination "scandalgod won by resignation"]

1. d4 d5 2. c4 c6 3. Nf3 Nf6 4.
Nc3 dxc4 5. a4 Bf5 6. Ne5 e6 7. Nxc4 Bb4 8. f3 O-O 9. e4 Nxe4 10. fxe4 Qh4+ 11. Kd2 Qxe4 12. Qf3 Qxd4+ 13. Ke1 Na6 14. Qe3 e5 15. Bd2 Rfe8 16. Be2 Nc5 17. Ne4 Bxd2+ 18. Nexd2 Rad8 19. Ra3 b5 20. axb5 cxb5 21. Na5 Nd3+ 22. Rxd3 Bxd3 23. Qf3 e4 24. Qg4 Bxe2 25. Qxe2 e3 26.
Ndb3 Qb4+ 27. Kf1 Qa4 28. g3 Qe4 29. Rg1 Qf5+ 30. Kg2 Qe4+ 31. Qf3 Qc2+ 32. Kh3 e2 33.
Re1 Rd1 34. Qf2 Rxe1 35. Qxe1 Qf5+ 36. Kg2 Qe4+ 37. Kf2 Qe3+ 38. Kg2 h5 39. h4 Qe4+ 40. Kf2 Re6 41. Na1 Rf6+ 0-1

[Event "*** Titled Tuesday Blitz"]
[Site "Chess.com"]
[Date "2020.10.20"]
[Round "10"]
[White "ArjunErigaisi2003"]
[Black "abhidabhi"]
[Result "0-1"]
[WhiteElo "3017"]
[BlackElo "2819"]
[TimeControl "180+1"]
[EndTime "11:58:22 PDT"]
[Termination "abhidabhi won by resignation"]

1. c4 c5 2. Nc3 Nc6 3. Nf3 g6 4. e3 Nf6 5. d4 cxd4 6. exd4 d5 7. cxd5 Nxd5 8. Qb3 Nxc3 9. Bc4 e6 10. bxc3 Bg7 11. Ba3 Bf8 12. h4 Bxa3 13. Qxa3 Qe7 14. Qc1 Qf6 15. h5 Bd7 16. Rb1 Rc8 17. Rxb7 e5 18.
Qg5 Qxg5 19. Nxg5 Nd8 20. Bxf7+ Nxf7 21. Nxf7 Kxf7 22. Rxd7+ Ke6 23. Rxa7 exd4 24. hxg6 dxc3 25. g7 c2 26. Kd2 c1=Q+ 27. Rxc1 Rhd8+ 28. Ke3 Rxc1 29. g4 Rc4 30. f4 Kf6 31. Kf3 Rg8 32. g5+ Kf5 33. Ra5+ Kg6 34. Kg4 Kxg7 35. Ra7+ Kh8 36. Rf7 Ra8 37. Kh5 Kg8 38. Rf6 Rxa2 0-1

[Event "*** Titled Tuesday Blitz"]
[Site "Chess.com"]
[Date "2020.10.20"]
[Round "10"]
[White "TorFredrikKaasen"]
[Black "vinniethepooh"]
[Result "1-0"]
[WhiteElo "2695"]
[BlackElo "2556"]
[TimeControl "180+1"]
[EndTime "11:58:22 PDT"]
[Termination "TorFredrikKaasen won on time"]

1. d4 Nf6 2. c4 e6 3. Nf3 d5 4.
Nc3 c6 5. g3 dxc4 6. Bg2 Nbd7 7.
a4 Bb4 8. O-O O-O 9. Qc2 Qe7 10.
Na2 Bd6 11. Qxc4 e5 12. e3 Re8 13. Nc3 Nb6 14. Qb3 e4 15. Nd2 Bf5 16. a5 Nbd5 17.
Nc4 b5 18. Nxd6 Qxd6 19. a6 Be6 20. Qd1 Nxc3 21. bxc3 Bc4 22. Re1 Nd5 23. Ba3 Qg6 24. Qd2 h5 25. Bc5 h4 26. Bf1 Bxf1 27. Rxf1 h3 28.
Rfc1 Re6 29. c4 bxc4 30. Rxc4 Qf5 31. Qe2 Nf6 32. Rb1 Ng4 33. Rb7 Rf6 34. Rc2 Rg6 35.
Rxa7 Rxa7 36. Bxa7 c5 37. Bxc5 Qc8 38. a7 1-0

[Event "*** Titled Tuesday Blitz"]
[Site "Chess.com"]
[Date "2020.10.20"]
[Round "10"]
[White "ikhasu"]
[Black "ShcufNaiRolf"]
[Result "1/2-1/2"]
[WhiteElo "2413"]
[BlackElo "2322"]
[TimeControl "180+1"]
[EndTime "11:58:22 PDT"]
[Termination "Game drawn by repetition"]

1. d4 d5 2. e3 c6 3. Bd3 Nf6 4. Nd2 Bg4 5. f3 Bh5 6. Ne2 Nbd7 7. O-O e5 8. c3 Bd6 9. Ng3 Bg6 10. Nf5 Bxf5 11.
Bxf5 Qc7 12. dxe5 Nxe5 13. f4 Ned7 14. c4 O-O 15. cxd5 Nxd5 16. Nf3 g6 17. Bc2 Rfe8 18. Kh1 N7f6 19. Ng5 h6 20. Nh3 Nxe3 21. Bxe3 Rxe3 22. Qd4 Qe7 23. Rad1 Bc5 24. Qc4 Kg7 25. a3 Re8 26. b4 Bb6 27. f5 g5 28. Ng1 Qe5 29. Nf3 Qe7 30. Bb3 Re4 31. Qc2 Re3 32. Qc4 Re4 33.
Qc2 Re2 34. Qc4 Re4 1/2-1/2

[Event "*** Titled Tuesday Blitz"]
[Site "Chess.com"]
[Date "2020.10.20"]
[Round "10"]
[White "dosto07"]
[Black "aisha_zakirova"]
[Result "0-1"]
[WhiteElo "2308"]
[BlackElo "2183"]
[TimeControl "180+1"]
[EndTime "11:58:23 PDT"]
[Termination "aisha_zakirova won by checkmate"]

1. e4 c5 2. Nf3 d6 3. Bb5+ Bd7 4. a4 Nf6 5. e5 dxe5 6. Nxe5 Bxb5 7. axb5 Qd5 8. Nf3 Qe4+ 9. Kf1 Qc4+ 10. d3 Qxb5 11. Nc3 Qb6 12. Bf4 Nc6 13. Qd2 e6 14. h3 Be7 15. g4 O-O 16. Kg2 Nd5 17. Nxd5 exd5 18. Rhe1 Bf6 19. c3 Na5 20. Qc2 Nb3 21. Rad1 Rfe8 22. g5 Be7 23. Ne5 Bd6 24. d4 cxd4 25. Qf5 Bxe5 26. Rxe5 Rxe5 27. Bxe5 dxc3 28. Bxc3 d4 29.
Bd2 Qc6+ 30. Kg3 Re8 31. Bf4 Nc5 32. Rxd4 Ne4+ 33. Kh4 Nxf2 34. Rd7 Rf8 35. Qd5 Qb6 36. Bd6 Qe3 37. Qf5 g6 38. Qf4 Qxh3# 0-1

[Event "*** Titled Tuesday Blitz"]
[Site "Chess.com"]
[Date "2020.10.20"]
[Round "10"]
[White "vovachesss"]
[Black "ThePatrick27"]
[Result "1-0"]
[WhiteElo "2699"]
[BlackElo "2560"]
[TimeControl "180+1"]
[EndTime "11:58:24 PDT"]
[Termination "vovachesss won by resignation"]

1. d4 Nf6 2. Nc3 d5 3. Bf4 g6 4. e3 Bg7 5. h4 O-O 6. h5 Bf5 7.
hxg6 hxg6 8. Bd3 Bxd3 9. Qxd3 c5 10. Nf3 Nc6 11. O-O-O Qa5 12. dxc5 Qxc5 13. Rh4 Nb4 14. Qd2 Rfc8 15. Be5 Ne4 16. Nxe4 dxe4 17. Bxg7 Kxg7 18.
Nd4 e5 19. a3 Nd3+ 20. Kb1 Nxb2 21. Kxb2 exd4 22. Qxd4+ Qxd4+ 23. Rxd4 Rc7 24. Rhxe4 Rac8 25. Rd2 b6 26. Red4 Rc5 27. Rd7 Ra5 28. Rb7 Rb5+ 29. Kc1 Rbc5 30. Rxa7 Rg5 31. g3 Rf5 32. f4 Rc3 33.
Rd3 Rc4 34. Kd2 Rfc5 35. c3 Rh5 36. Rdd7 Rf5 37. Kd3 Rc8 38. e4 Rf6 39. e5 Rf5 40. e6 Rf8 41. Rxf7+ R8xf7 42. Rxf7+ Rxf7 43. exf7 Kxf7 44. Ke4 1-0

[Event "*** Titled Tuesday Blitz"]
[Site "Chess.com"]
[Date "2020.10.20"]
[Round "10"]
[White "Sharpchess22"]
[Black "As0nchess"]
[Result "1-0"]
[WhiteElo "2770"]
[BlackElo "2616"]
[TimeControl "180+1"]
[EndTime "11:58:25 PDT"]
[Termination "Sharpchess22 won on time"]

1. d4 Nf6 2. Nf3 d5 3. Bf4 e6 4. e3 Bd6 5. Bg3 O-O 6. c3 c5 7. Bd3 b6 8. Qe2 Bb7 9. Nbd2 Qc7 10. Ne5 Nbd7 11. f4 Ne4 12. Nxe4 dxe4 13. Bc4 Bd5 14. Bb5 Nxe5 15. fxe5 Be7 16. O-O c4 17. Qg4 a6 18.
Ba4 b5 19. Bc2 Qc6 20. Rf4 b4 21. Bxe4 Bxe4 22. Rxe4 bxc3 23. bxc3 Rab8 24. Rf1 Rb2 25. Bh4 Bxh4 26. Qxh4 Rxa2 27. Rg4 Kh8 28. Rf3 Ra1+ 29. Kf2 Ra2+ 30. Kg3 h6 31. Kh3 Re2 32. Qg3 g5 33. Rxg5 hxg5 34. Qxg5 Qe4 35. Rf4 Qxg2+ 36. Qxg2 Rxg2 37.
Kxg2 a5 38. Rf1 a4 39. Ra1 Ra8 40. Ra3 Kg7 41. Kf3 Kg6 42. Kf4 Kh5 43. e4 Ra5 44. Kg3 Kg5 45. h4+ Kh5 46. Kh3 Ra8 47. Ra2 a3 48. Kg3 Ra5 49. Kf4 Ra4 50. d5 Ra8 51. d6 Ra7 52. Ke3 Kxh4 53. Kd4 Kg4 54. Kxc4 Kf4 55.
Kd4 Ra4+ 56. c4 Ra7 57. c5 Ra4+ 58. Kc3 Kxe5 59. Kb3 Ra5 60. Kb4 Ra8 61. Rxa3 Rb8+ 62. Kc4 1-0

[Event "*** Titled Tuesday Blitz"]
[Site "Chess.com"]
[Date "2020.10.20"]
[Round "10"]
[White "konradrutkowski"]
[Black "maximnovik"]
[Result "1-0"]
[WhiteElo "2429"]
[BlackElo "2503"]
[TimeControl "180+1"]
[EndTime "11:58:25 PDT"]
[Termination "konradrutkowski won on time"]

1. e4 c6 2. d4 d5 3. Nc3 dxe4 4.
Nxe4 Bf5 5. Ng3 Bg6 6. Nh3 Nf6 7. Bc4 e6 8. Nf4 Bd6 9. h4 Qc7 10. h5 Bxc2 11. Qf3 Nd5 12. Bxd5 cxd5 13. h6 g6 14. O-O Nc6 15. Be3 Bf5 16. Nxf5 gxf5 17. Nh5 Qe7 18. Rfc1 Rg8 19. b4 Rg4 20. b5 Nxd4 21.
Bxd4 Rxd4 22. Ng7+ Kf8 23. Nxf5 exf5 24. Qxf5 Kg8 25.
Rc3 Re8 26. g3 Qe4 27. Qd7 Bf8 28. Re3 Qxe3 29. fxe3 Rxe3 30. Rf1 Re7 31. Qf5 Bxh6 32. Qf6 Be3+ 33. Kh1 Rde4 34. Qf5 d4 35. Qc8+ Re8 36. Qc4 R8e7 37. Kg2 R4e6 38. Rf5 Kg7 39. Rd5 Rg6 40. Qd3 Ree6 41. Rd7 Ref6 42. Rxd4 Rf2+ 43. Kh3 1-0

[Event "*** Titled Tuesday Blitz"]
[Site "Chess.com"]
[Date "2020.10.20"]
[Round "10"]
[White "glebus008"]
[Black "MarkoPe"]
[Result "1-0"]
[WhiteElo "2353"]
[BlackElo "2185"]
[TimeControl "180+1"]
[EndTime "11:58:25 PDT"]
[Termination "glebus008 won on time"]

1. e4 c6 2. d4 d5 3. exd5 cxd5 4. Nf3 Nc6 5. Ne5 Nxe5 6. dxe5 a6 7. Bd3 e6 8. O-O Ne7 9. Na3 Nc6 10. Re1 Bxa3 11. bxa3 O-O 12. Qg4 f5 13. exf6 Qxf6 14. Be3 d4 15. Bg5 Qxf2+ 16. Kh1 e5 17. Qh5 Bf5 18. Rf1 Bg6 19. Qh3 e4 20. Rxf2 Rxf2 21. Bxe4 Bxe4 22. Qe6+ Kh8 23. Qxe4 Raf8 24. h3 h6 25. Bc1 R8f6 26. Bb2 R6f4 27. Qe8+ Kh7 28. Rc1 d3 29. cxd3 Rxb2 30. Rxc6 bxc6 31. Qxc6 Rff2 32. Qe4+ Kg8 33. Qd5+ Kh7 34. d4 Rxa2 35. Qe4+ Kh8 36. d5 1-0

[Event "*** Titled Tuesday Blitz"]
[Site "Chess.com"]
[Date "2020.10.20"]
[Round "10"]
[White "queen_iryna"]
[Black "AntonovaNadezhda"]
[Result "1-0"]
[WhiteElo "2307"]
[BlackElo "2105"]
[TimeControl "180+1"]
[EndTime "11:58:26 PDT"]
[Termination "queen_iryna won on time"]

1. e4 c5 2. Nf3 d6 3. Bb5+ Nd7 4.
O-O a6 5. Bxd7+ Bxd7 6. d4 cxd4 7. Qxd4 Nf6 8. a4 e5 9. Qd3 b5 10. axb5 axb5 11. Rxa8 Qxa8 12. Nc3 b4 13. Nd5 Nxd5 14.
exd5 Be7 15. Bd2 Qb7 16. Ra1 O-O 17. Be3 f5 18. Ra7 Qc8 19. Qb3 f4 20. Bd2 Bd8 21.
Bxb4 Bb6 22. Ra1 e4 23. Bxd6 Rf6 24. Qxb6 exf3 25. Qc7 Qe8 26. Bxf4 g5 27. Bg3 fxg2 28. Qb7 Bc8 29. Qc7 Rf7 30. Qe5 Qf8 31. d6 Rf5 32. Qe4 Rf7 33. Qxg2 Bd7 34. Qd5 Kg7 35. Ra7 Qe8 36.
Be5+ Kg6 37. c4 Be6 38. Qe4+ Bf5 39. Qe3 Rxa7 40. Qxa7 Qxe5 41. Qe3 1-0

[Event "*** Titled Tuesday Blitz"]
[Site "Chess.com"]
[Date "2020.10.20"]
[Round "10"]
[White "Chessalary"]
[Black "FMJoseHerrera"]
[Result "1-0"]
[WhiteElo "2380"]
[BlackElo "2520"]
[TimeControl "180+1"]
[EndTime "11:58:27 PDT"]
[Termination "Chessalary won by resignation"]

1. d4 Nf6 2. Nf3 c5 3. e3 g6 4. Be2 cxd4 5. exd4 Bg7 6. c3 O-O 7. O-O d6 8. Nbd2 a6 9. Re1 b6 10. Nf1 Bb7 11. Bg5 Nbd7 12. Bd3 Re8 13. Ng3 Qc7 14. Ne4 Rad8 15. Nxf6+ Nxf6 16. Bxf6 Bxf6 17. Be4 e5 18. dxe5 dxe5 19. Qb3 Bg7 20. Bxb7 Qxb7 21. Rad1 Rxd1 22.
Rxd1 e4 23. Re1 Qc6 24. Ng5 Re7 25. Qb4 Re5 26. h4 h6 27. Nh3 f5 28. Nf4 Rb5 29. Qe7 Rxb2 30. Ne6 Qxc3 31. Rd1 Kh7 32. Nf8+ Kg8 33. Qe6+ Kh8 34. Nxg6+ Kh7 35. Qxf5 Qf6 36. Nf8+ Kg8 37. Qd5+ Kxf8 38. Qa8+ Kf7 39. Rd7+ Kg6 40.
Qxe4+ Kh5 41. Rd5+ Qg5 42. hxg5 hxg5 43. Qh7+ Bh6 44. Qf7+ Kg4 45. Qf3+ 1-0

[Event "*** Titled Tuesday Blitz"]
[Site "Chess.com"]
[Date "2020.10.20"]
[Round "10"]
[White "doons21"]
[Black "MFBerna"]
[Result "1-0"]
[WhiteElo "2547"]
[BlackElo "2418"]
[TimeControl "180+1"]
[EndTime "11:58:28 PDT"]
[Termination "doons21 won on time"]

1. e4 c5 2. c3 d5 3. exd5 Qxd5 4.
d4 Nc6 5. Nf3 Bg4 6. Be2 e6 7.
Na3 Nf6 8. Nc2 cxd4 9. cxd4 Qd6 10. O-O Be7 11. h3 Bxf3 12. Bxf3 O-O 13. Qe2 Nxd4 14.
Nxd4 Qxd4 15. Bxb7 Rab8 16. Bf3 Rfd8 17. Rb1 Bc5 18.
b3 Qd3 19. Bf4 Qxe2 20. Bxe2 Rbc8 21. Ba6 Rc6 22. Bb7 Rb6 23. Bc7 Rxb7 24. Bxd8 Ne4 25. Rbd1 f5 26. Ba5 Kf7 27. g4 g6 28. Kg2 e5 29. f3 Nd6 30. Rd5 Ba3 31. Rxe5 Bb2 32.
Rd5 Ke6 33. Rd2 Bf6 34. Re1+ Kd7 35. Red1 Be7 36. Bc3 Kc6 37. Be5 Nb5 38. Rc2+ Kb6 39. a4 Na3 40. Rc8 a5 41. Rd5 1-0

[Event "*** Titled Tuesday Blitz"]
[Site "Chess.com"]
[Date "2020.10.20"]
[Round "10"]
[White "Fischerev7"]
[Black "brunomorado"]
[Result "1-0"]
[WhiteElo "2419"]
[BlackElo "2309"]
[TimeControl "180+1"]
[EndTime "11:58:30 PDT"]
[Termination "Fischerev7 won by resignation"]

1. e4 c5 2. Nf3 Nc6 3. d4 cxd4 4. Nxd4 e5 5. Nb5 d6 6. N1c3 a6 7. Na3 b5 8. Nd5 Nce7 9. c4 Nxd5 10. cxd5 f5 11. exf5 Bxf5 12. Bd3 e4 13. Be2 Nf6 14. Nc2 Be7 15. Bf4 O-O 16. Ne3 Bd7 17. O-O Ne8 18. Bg3 Bf6 19. Qd2 Qe7 20. Rac1 Be5 21. Rc2 Nf6 22. Rfc1 Bxg3 23. hxg3 Rfc8 24. Rxc8+ Rxc8 25. Rxc8+ Bxc8 26. Qd4 Qc7 27. Qd2 Qc5 28. b4 Qc7 29. a3 Bb7 30. Bd1 Qf7 31. Bb3 Qc7 32. Kf1 Nd7 33. Qc2 Qxc2 34. Bxc2 Nf6 35. Bb3 g6 36.
Ke2 Kf7 37. Kd2 Nd7 38. Kc3 Kf6 39. Kd4 Nb6 40. Kxe4 h5 41. Kd4 Bc8 42. Bc2 Nd7 43. a4 Ne5 44. axb5 axb5 45. Bd3 Nxd3 46. Kxd3 Ke5 47.
f4+ Kf6 48. Kd4 Bd7 49. Nd1 g5 50. Nc3 gxf4 51. gxf4 Kf5 52. Ke3 Kg4 53. Ne4 Bc8 54. g3 Bd7 55. Kf2 Kf5 56. Nxd6+ Kf6 57. Ke3 Ke7 58. Ne4 Kf7 59. Kd4 Kg6 60. Ke5 Bf5 61.
Nd6 Bd7 62. Nb7 Bg4 63. Nc5 Kf7 64. d6 Ke8 65. f5 h4 66. gxh4 1-0

[Event "*** Titled Tuesday Blitz"]
[Site "Chess.com"]
[Date "2020.10.20"]
[Round "10"]
[White "Arfan48"]
[Black "Sadykov_Ramil"]
[Result "1/2-1/2"]
[WhiteElo "2414"]
[BlackElo "2547"]
[TimeControl "180+1"]
[EndTime "11:58:31 PDT"]
[Termination "Game drawn by agreement"]

1. e4 e5 2. Nf3 Nf6 3. Nxe5 Nxe4 4. Qe2 Qe7 5. Qxe4 d6 6. d4 dxe5 7. dxe5 Nc6 8. Nc3 Qxe5 9. Qxe5+ Nxe5 10. Bf4 Bd6 11. Bg3 f6 12. Nb5 Bb4+ 13. c3 Ba5 14. f4 Ng4 15. O-O-O Bd7 16. h3 Nh6 17. Bc4 O-O-O 18.
Nxa7+ Kb8 19. Nb5 Bb6 20. Nd4 Nf5 21. Bf2 Nd6 22. Bd5 c6 23. Bf3 Bc7 24. Rhe1 Rhe8 25.
Rxe8 Rxe8 26. Re1 Rxe1+ 27. Bxe1 Nf5 28. Bd2 Nxd4 29. cxd4 Be6 30. b3 f5 31. Kc2 Bd5 32.
Bxd5 cxd5 33. g3 Ka7 34. h4 h5 35. Bb4 g6 36. Kc3 b5 37. Bc5+ Ka6 38. Bb4 Bb6 39.
Bc5 Ba5+ 40. b4 Bc7 41. Kb3 Bd8 42. a4 Bc7 43. Be7 Bb6 44. Bc5 Bc7 45. a5 Bd8 46. Bd6 1/2-1/2